Map: Arctic Flowers LE

Players

Ekelpack

  • Race: Zerg Zerg
  • Spawn Location: 7:00

Nyck

  • Race: Terran Terran
  • Spawn Location: 7:00

FLORUX - Winner!

  • Race: Protoss Protoss
  • League: Diamond
  • Spawn Location: 1:00

Arumakaneilk - Winner!

  • Race: Terran Terran
  • League: Diamond
  • Spawn Location: 1:00

VOD

Have the link to the VOD?

Description

Time

  • Played on: March 26, 2025, 2:05 p.m.
  • Length: 14:50
Show
View Real Time Build Order
Export as new Build Order

Ekelpack Zerg 

Build Orders: Hatch First 

Get SALT Encoding   

  12  0:00  Drone  
  13  0:13  Overlord  
  13  0:18  Drone  
  14  0:32  Drone x2  
  16  0:36  Drone  
  17  0:54  Drone  
  18  0:58  Hatchery  
  18  1:00  Drone  
  18  1:02  Extractor  
  17  1:15  Spawning Pool  
  17  1:17  Drone  
  17  1:21  Drone  
  18  1:31  Drone  
  19  1:44  Drone  
  20  1:53  Drone  
  21  2:11  Zergling x2  
  21  2:12  Zergling x2  
  23  2:17  Spine Crawler  
  23  2:19  Queen  
  23  2:20  Roach Warren  
  23  2:29  Spine Crawler  
  22  2:38  Queen  
  23  2:47  Drone x2  
  23  2:48  Overlord  
  25  2:54  Drone x2  
  27  3:05  Extractor  
  26  3:06  Lair  
  26  3:16  Drone x2  
  28  3:25  Roach x3  
  34  3:36  Overlord  
  34  3:51  Drone  
  35  3:56  Roach x3  
  35  3:57  Overlord  
  35  4:00  Drone x2  
  43  4:16  Roach x2  
  43  4:17  Roach  
  46  4:38  Queen  
  46  4:40  Drone x3  
  51  5:00  Hydralisk Den  
  51  5:05  Drone x2, Evolution Chamber  
  51  5:06  Evolution Chamber  
  50  5:07  Drone  
  50  5:08  Drone, Overlord  
  50  5:11  Extractor  
  51  5:25  Overlord  
  51  5:27  Drone  
  51  5:28  Drone  
  53  5:32  Grooved Spines  
  53  5:42  Queen  
  53  5:45  Drone x2  
  53  5:46  Overlord  
  53  5:47  Zerg Missile Weapons Level 1  
  57  6:02  Zerg Ground Armor Level 1  
  57  6:08  Drone x3  
  57  6:10  Extractor  
  59  6:13  Drone  
  59  6:14  Drone  
  61  6:22  Muscular Augments  
  61  6:31  Overlord, Hydralisk x3, Roach  
  61  6:32  Hydralisk x3  
  75  6:43  Drone, Overlord  
  58  7:14  Hydralisk  
  58  7:15  Hydralisk x6, Roach x2  
  60  7:26  Roach x2  
  28  7:57  Roach x3  
  34  8:14  Hydralisk  
  34  8:18  Zerg Missile Weapons Level 2  
  36  8:22  Roach  
  38  8:31  Hydralisk  
  40  8:34  Queen  
  32  9:05  Hydralisk x3  
  36  9:28  Hatchery  
  35  9:34  Hydralisk x2  
  39  9:47  Hydralisk x2, Roach x2  
  47  10:07  Hydralisk x2  
  51  10:17  Hydralisk x2  
  33  10:44  Hydralisk x2  
  37  11:03  Hydralisk x2  
  39  11:26  Hydralisk  
  39  11:27  Hydralisk  
  43  11:53  Hydralisk  
  43  11:54  Hydralisk x2  
  49  12:25  Hatchery  
  36  12:46  Roach x3  
  30  13:02  Hydralisk  
  30  13:03  Hydralisk  
  18  13:41  Hydralisk  
  18  13:42  Hydralisk x3  
  27  13:48  Drone  
  27  13:53  Drone  
  28  14:05  Drone  
  29  14:15  Roach x2  
  25  14:19  Drone  
  28  14:35  Drone  
Show
View Real Time Build Order
Export as new Build Order

Nyck Terran 

Build Orders: Command Center First 

Get SALT Encoding   

  12  0:00  SCV  
  13  0:12  SCV  
  14  0:17  Supply Depot  
  14  0:27  SCV  
  15  0:39  SCV  
  16  0:59  Command Center  
  16  1:01  SCV  
  17  1:13  Barracks  
  17  1:15  SCV  
  18  1:28  Barracks  
  18  1:31  SCV  
  19  1:44  SCV  
  20  1:52  Supply Depot  
  20  1:56  SCV  
  21  2:07  Marine  
  22  2:16  Marine  
  22  2:19  SCV x2  
  25  2:32  Marine  
  25  2:34  SCV, Marine  
  28  2:44  SCV  
  28  2:49  Marine  
  30  2:52  Marine  
  30  2:53  SCV  
  32  3:02  SCV  
  33  3:16  Marine x2  
  35  3:20  Orbital Command  
  35  3:21  Orbital Command  
  35  3:36  Marine x2  
  35  3:39  Refinery  
  37  3:41  Refinery  
  37  3:47  SCV x2  
  39  3:54  Marine x2  
  41  4:07  SCV x2  
  43  4:19  SCV x2  
  44  4:37  SCV  
  44  4:38  SCV, Marine x2  
  45  4:51  SCV  
  46  5:03  Marine  
  46  5:12  Engineering Bay  
  46  5:14  Engineering Bay  
  46  5:17  Refinery  
  46  5:18  Refinery  
  46  5:24  Factory  
  46  5:26  Marine x2  
  46  5:27  Supply Depot, SCV x2  
  50  5:39  SCV x2  
  53  5:51  Barracks Tech Lab x2, SCV x2  
  53  5:57  Terran Infantry Weapons Level 1  
  53  5:58  Terran Infantry Armor Level 1  
  53  6:03  SCV x2  
  55  6:10  Marauder  
  55  6:11  Concussive Shells, Marauder  
  59  6:12  Combat Shield  
  59  6:20  Command Center x2  
  59  6:21  Starport  
  59  6:24  Factory Reactor  
  59  6:33  Barracks  
  59  6:35  Barracks  
  59  6:36  Barracks  
  59  6:39  SCV x2  
  61  6:54  Supply Depot  
  61  7:00  Marauder  
  61  7:02  Marauder  
  48  7:17  Supply Depot  
  48  7:21  Marauder  
  38  7:23  Marauder  
  38  7:26  Marine x2  
  35  7:32  Hellion x2  
  35  7:33  Liberator  
  42  7:39  Supply Depot  
  42  7:42  Marauder  
  42  7:43  Marine  
  42  7:44  Marine, Marauder  
  41  7:46  Marine  
  40  8:02  Supply Depot  
  40  8:03  Marine x2  
  40  8:04  Marauder  
  42  8:06  Marauder  
  44  8:18  SCV  
  44  8:19  SCV  
  46  8:25  Supply Depot  
  46  8:26  Hellion x2  
  50  8:27  Liberator  
  50  8:29  Marine x2, Marauder x2  
  50  8:30  Marine  
  55  8:54  Marine x3, Marauder x2  
  50  9:17  Liberator  
  50  9:22  Marine, Marauder  
  50  9:23  Marine x2, Marauder  
  60  9:26  Widow Mine  
  62  9:31  Orbital Command  
  62  10:16  SCV  
  62  10:17  SCV  
  62  10:19  Orbital Command  
  31  10:41  Widow Mine  
  32  10:56  SCV  
  33  11:00  Marine x3  
  33  11:01  Marauder x2  
  33  11:03  Hellion  
  33  11:04  Hellion  
  44  11:29  Marine x3, Marauder x2  
  54  11:41  Factory Tech Lab  
  54  11:44  Fusion Core  
  51  11:47  SCV x2  
  51  11:48  SCV  
  55  11:56  Starport Tech Lab, Marine x3, Marauder x2  
  55  11:59  SCV  
  55  12:00  SCV  
  102  12:01  Orbital Command  
  63  12:03  SCV  
  62  12:23  Marine x2  
  62  12:24  Marine, Marauder  
  62  12:25  Marauder  
  62  12:26  Siege Tank  
  62  12:28  Banshee  
  56  12:57  Marine  
  56  12:58  Marine, Marauder x2  
  53  13:00  Siege Tank  
  45  13:15  Marine x2  
  45  13:19  Marauder x2  
  44  13:33  Marine x2  
  38  13:40  Marine  
  36  13:47  Marauder  
  34  13:53  Siege Tank  
Show
View Real Time Build Order
Export as new Build Order

FLORUX Protoss - Winner!

Build Orders:  

Get SALT Encoding   

  12  0:20  Probe  
  12  0:27  Pylon  
  12  0:28  Probe  
  14  0:38  Probe  
  15  0:50  Forge  
  15  0:59  Probe  
  16  1:13  Probe  
  17  1:20  Pylon  
  17  1:22  Pylon  
  17  1:23  Pylon  
  17  1:40  Gateway  
  17  1:41  Photon Cannon  
  17  1:58  Pylon  
  17  1:59  Pylon  
  17  2:03  Pylon  
  17  2:13  Probe, Photon Cannon  
  18  2:17  Photon Cannon  
  18  2:25  Photon Cannon  
  18  2:26  Pylon  
  18  2:32  Photon Cannon  
  17  2:50  Photon Cannon  
  17  2:52  Photon Cannon  
  17  2:57  Probe  
  18  3:12  Cybernetics Core, Probe  
  19  3:16  Assimilator, Pylon  
  19  3:24  Probe  
  20  3:40  Gateway  
  20  3:41  Gateway  
  20  3:45  Gateway  
  20  3:49  Gateway  
  20  4:23  Twilight Council  
  20  4:30  Gateway  
  20  4:31  Gateway  
  20  4:33  Zealot  
  20  4:37  Zealot  
  24  4:40  Charge  
  24  4:46  Zealot  
  24  4:50  Zealot  
  28  5:00  Pylon  
  28  5:12  Zealot  
  30  5:17  Pylon  
  30  5:23  Zealot  
  32  5:29  Zealot  
  32  5:33  Zealot  
  36  5:36  Zealot  
  38  5:43  Zealot  
  40  5:50  Zealot  
  40  5:54  Zealot  
  44  5:59  Zealot  
  46  6:10  Pylon  
  46  6:28  Zealot x4  
  54  7:02  Zealot x2  
  54  7:04  Zealot x2  
  54  7:05  Zealot  
  54  7:06  Zealot  
  48  7:29  Zealot x2  
  48  7:31  Zealot x2  
  48  7:32  Zealot  
  42  7:46  Zealot  
  44  7:56  Zealot  
  44  7:58  Zealot  
  42  8:04  Zealot  
  40  8:15  Zealot  
  42  8:26  Zealot  
  44  8:39  Zealot x2  
  46  8:50  Zealot  
  28  9:12  Zealot x2  
  32  9:28  Assimilator  
  34  9:31  Zealot  
  34  9:38  Zealot  
  36  9:53  Zealot  
  36  9:59  Zealot  
  34  10:28  Zealot  
  34  10:29  Zealot x2  
  30  10:48  Zealot  
  30  11:17  Stalker x2  
  30  11:18  Warp Gate  
  30  11:20  Stalker  
  28  11:36  Stalker  
  30  11:56  Nexus  
  30  12:04  Templar Archives  
  30  12:20  Stalker x2  
  30  13:08  Probe x2  
  30  13:11  Psionic Storm  
  32  13:20  Probe x2  
  32  13:25  High Templar x3  
  40  13:32  Probe  
  35  13:44  Probe  
  36  13:58  High Templar  
  36  13:59  High Templar  
  36  14:00  Stalker x2  
  36  14:01  Stalker  
Show
View Real Time Build Order
Export as new Build Order

Arumakaneilk Terran - Winner!

Build Orders:  

Get SALT Encoding   

  12  0:01  SCV  
  13  0:13  SCV  
  14  0:19  Supply Depot  
  14  0:27  SCV  
  14  0:28  Refinery  
  15  0:41  SCV  
  16  0:45  Barracks  
  16  0:53  SCV  
  17  1:06  SCV  
  18  1:32  Supply Depot, Orbital Command  
  18  1:35  Reaper  
  18  1:39  Barracks  
  19  1:54  Refinery  
  19  1:59  SCV  
  20  2:10  Reaper  
  20  2:11  SCV  
  22  2:23  SCV  
  24  2:30  Reaper  
  24  2:35  SCV  
  25  2:44  Command Center  
  25  2:46  Reaper  
  25  2:47  SCV  
  27  2:59  SCV  
  27  3:05  Supply Depot  
  28  3:06  Barracks  
  28  3:07  Engineering Bay  
  28  3:11  Reaper  
  29  3:18  Reaper  
  29  3:47  Barracks Tech Lab  
  29  3:49  SCV  
  29  3:55  Barracks Reactor  
  30  3:56  Barracks Tech Lab, Factory  
  30  3:58  Orbital Command  
  30  4:36  Marine x3  
  30  4:37  Marauder  
  35  4:51  Factory Tech Lab  
  34  4:54  Marine  
  34  4:55  Marauder  
  34  4:57  Starport  
  34  4:58  Marine, Marauder  
  40  5:07  Stimpack  
  40  5:08  Combat Shield  
  40  5:10  Terran Infantry Weapons Level 1  
  40  5:12  Marine  
  40  5:13  Orbital Command  
  41  5:16  Marauder  
  41  5:17  SCV  
  41  5:20  Marauder  
  46  5:23  Siege Tank  
  49  5:29  Bunker  
  49  5:31  Bunker  
  47  5:45  Marine x2, Marauder x2  
  53  6:07  SCV  
  54  6:20  Supply Depot  
  54  6:24  Supply Depot  
  54  6:26  SCV x2, Medivac  
  54  6:27  Marauder x2  
  62  6:41  Siege Tank, Marine x2  
  67  6:48  Marauder x2  
  71  6:59  Marine x2  
  72  7:10  Marauder x2  
  72  7:15  Siege Tank  
  78  7:19  Marine  
  78  7:36  Supply Depot  
  78  7:39  Supply Depot  
  78  7:47  Marine  
  78  7:48  Marine  
  78  7:49  Marauder x2, Terran Infantry Armor Level 1, Medivac  
  84  7:55  Supply Depot  
  84  7:56  Supply Depot  
  84  7:57  Supply Depot  
  84  8:00  Supply Depot  
  84  8:05  Marine  
  84  8:10  Marine x2  
  85  8:16  Marine  
  85  8:17  Siege Tank  
  89  8:23  Marine  
  90  8:28  Marauder x2  
  90  8:34  Marine  
  94  8:41  Marine  
  87  8:49  Marine  
  87  8:50  Marauder  
  87  8:51  Marine  
  87  8:56  Supply Depot  
  87  8:57  Supply Depot, Refinery x2  
  87  9:07  Marauder  
  89  9:11  Marauder  
  89  9:13  Engineering Bay  
  91  9:20  Supply Depot  
  91  9:23  SCV x2  
  93  9:29  Marauder  
  95  9:32  Marauder  
  95  9:36  SCV x2  
  99  9:43  Marine  
  99  9:44  Armory  
  100  9:48  SCV x2  
  100  9:50  Marauder  
  104  10:00  SCV  
  105  10:07  Marine, Marauder  
  105  10:08  Marine  
  105  10:11  Marauder  
  88  10:29  Marauder  
  88  10:34  Marine x2, Marauder  
  87  10:47  Siege Tank  
  89  10:50  Marauder  
  89  10:51  Marine  
  89  10:52  Marine  
  89  10:55  Marauder  
  93  11:09  Marine x2  
  93  11:10  Viking  
  97  11:12  Marauder  
  97  11:16  Marauder  
  101  11:27  Marine x2  
  101  11:32  Marine  
  103  11:33  Siege Tank  
  103  11:37  Marine  
  108  11:40  Viking  
  108  11:45  Marine x2  
  112  11:50  Marine  
  113  11:55  Marine  
  114  12:03  Marine  
  115  12:10  Viking  
  115  12:12  Marine x2  
  115  12:13  Marine  
  120  12:16  Siege Tank  
  120  12:20  Marine  
  124  12:30  Marine  
  115  12:45  Marine, Marauder x2  
  115  12:48  Marine  
  105  13:03  Marine  
  102  13:06  Marine  
  102  13:07  Marauder  
  92  13:25  Marine, Marauder  
  92  13:26  Marine  
  87  13:28  Marauder  
  87  13:35  Starport Reactor  
  87  13:37  Barracks  
  87  13:39  SCV x2, Barracks  
  85  13:42  Barracks  
  85  13:43  Marine x2, Factory  
  85  13:47  Marauder  
  89  13:49  Marauder  
  89  13:51  SCV x2  
  93  14:01  Marine x2  
  95  14:09  Marauder  
  97  14:11  Marauder  
  97  14:17  Viking x2  
  97  14:19  Marine x2  
  103  14:47  Missile Turret  
  103  14:49  Command Center  
Tags
 
Add a new tag
Caveats
  • Supply blocks, unpowered buildings, or Contaminate may cause inaccurate times.
  • Supply counts are checked every 10 seconds.